 Seeded DCSS version 0.30-a0-879-ga8ba668304 (webtiles) character file.

Game seed: 10617039283874685323 (custom seed)

1949 Juicyj the Chopper (level 8, -1/68 (73) HPs)
             Began as a Minotaur Gladiator on Mar 13, 2023.
             Slain by a wight
             ... wielding a +3 halberd
              (3 damage)
             ... on level 7 of the Dungeon.
             The game lasted 00:04:24 (4887 turns).

Juicyj the Chopper (Minotaur Gladiator)             Turns: 4887, Time: 00:04:24

HP:   -1/68 (73)    AC:  3    Str: 34    XL:     8   Next: 99%
MP:   7/7           EV: 14    Int:  0    God:
Gold: 254           SH:  0    Dex: 12    Spells: 7/7 levels left

rFire   . . .      SeeInvis .    y - +3 broad axe "Gethra" {flame, rN+ Will+ Str+7 Int-5}
rCold   . . .      Faith    .    (no shield)
rNeg    + . .      Spirit   .    b - +0 leather armour
rPois   +          Reflect  .    c - +0 hat
rElec   .          Rampage  .    (no cloak)
rCorr   .                        (no gloves)
Will    +....                    (no boots)
Stlth   +                        (no amulet)
HPRegen 0.31/turn                m - ring of poison resistance
MPRegen 0.10/turn                n - +6 ring of strength

@: slowed, lost intelligence, drained, unable to read, very slow
A: horns 2, retaliatory headbutt
a: no special abilities


You were on level 7 of the Dungeon.
You visited 1 branch of the dungeon, and saw 7 of its levels.

You collected 254 gold pieces.

Inventory:

Hand Weapons
 a - a +0 war axe
 y - the +3 broad axe "Gethra" (weapon) {flame, rN+ Will+ Str+7 Int-5}
   (You acquired it on level 4 of the Dungeon)

   Str:       It affects your strength (+7).
   Int:       It affects your intelligence (-5).
   rN:        It protects you from negative energy.
   Will:      It increases your willpower.
Missiles
 d - 3 throwing nets (quivered)
 e - 5 javelins
 w - 13 poisoned darts
Armour
 b - a +0 leather armour (worn)
 c - a +0 hat (worn)
Jewellery
 m - a ring of poison resistance (left hand)
 n - a +6 ring of strength (right hand)
Wands
 p - a wand of iceblast (6)
 x - a wand of mindburst (10)
 C - a wand of digging (6)
Scrolls
 g - 4 scrolls of fear {unknown}
 h - 2 scrolls of teleportation {unknown}
 i - 5 scrolls of identify {unknown}
 k - a scroll of magic mapping {unknown}
 l - a scroll of blinking
 q - a scroll of enchant armour {unknown}
 r - a scroll of acquirement
 t - 3 scrolls of vulnerability {unknown}
Potions
 f - 2 potions of resistance {unknown}
 j - 4 potions of flight {unknown}
 o - a potion of ambrosia {unknown}
 s - a potion of brilliance {unknown}
 u - 2 potions of attraction {unknown}
 v - a potion of curing {unknown}
 z - 2 potions of berserk rage {unknown}
 A - a potion of heal wounds {unknown}
 B - a potion of mutation {unknown}


   Skills:
 + Level 7.3 Fighting
 + Level 7.9 Axes
 + Level 6.2 Throwing
 + Level 7.1 Dodging


You had 7 spell levels left.
You didn't know any spells.
Your spell library contained the following spells:

 Spells                   Type           Power      Damage    Failure   Level
 Beastly Appendage        Tmut           0%         N/A       63%         1
 Cigotuvi's Dreadful Rot  Necr/Pois/Air  0%         N/A       77%         2
 Ensorcelled Hibernation  Hex/Ice        0%         N/A       77%         2
 Passwall                 Tmut/Erth      0%         N/A       77%         2
 Poisonous Vapours        Pois/Air       0%         N/A       77%         2
 Wereblood                Tmut           0%         N/A       77%         2
 Mephitic Cloud           Conj/Pois/Air  0%         N/A       94%         3
 Ozocubu's Armour         Ice            0%         N/A       94%         3
 Spider Form              Tmut/Pois      0%         N/A       94%         3
 Swiftness                Air            0%         N/A       94%         3
 Anguish                  Hex/Necr       0%         N/A       100%        4
 Summon Ice Beast         Ice/Summ       0%         N/A       100%        4
 Summon Mana Viper        Hex/Summ       0%         N/A       100%        5
 Monstrous Menagerie      Summ           0%         N/A       100%        7
 Ozocubu's Refrigeration  Ice            0%         4d7       100%        7


Dungeon Overview and Level Annotations

Branches:
Dungeon (7/15)
 Temple: D:4-7

Altars:


Innate Abilities, Weirdness & Mutations

You have a pair of horns on your head.
You reflexively headbutt those who attack you in melee.


Message History

There is a stone staircase leading down here.
You climb downwards.
There is a stone staircase leading up here.
A wight comes into view. It is wielding a +0 trident.
A wight is nearby!
A wight is nearby!
A wight comes into view. It is wielding a +0 spear.
The wight hits you from afar with a +0 trident!
The wight completely misses you. The wight hits you with a +0 trident!
You partially resist.
You feel drained.
The wight hits you from afar with a +0 spear!
You slash the wight! You burn the wight. You headbutt the wight.
You destroy the wight!
The wight barely misses you. x2
Your life force feels restored.
A wight comes into view. It is wielding a +3 halberd.
The wight hits you with a +0 spear! You partially resist.
You feel drained.
You closely miss the wight. You headbutt the wight!
You destroy the wight!
The wight hits you from afar with a +3 halberd.
You partially resist.
You feel drained. The wight barely misses you.
You are too injured to fight recklessly!
You are too injured to fight recklessly!
You are too injured to fight recklessly!
You are too injured to fight recklessly!
You are too injured to fight recklessly!
You are too injured to fight recklessly!
You are too injured to fight recklessly!
You are too injured to fight recklessly!
You are too injured to fight recklessly!
You are too injured to fight recklessly!
The wight barely misses you.
The wight hits you from afar with a +3 halberd!
* * * LOW HITPOINT WARNING * * *
You partially resist.
You feel drained.
* * * LOW HITPOINT WARNING * * *
The wight barely misses you. The wight hits you with a +3 halberd!
* * * LOW HITPOINT WARNING * * *
You partially resist.
You feel drained.
You die...

..# ### ..#
... ..#
#.####..#
#.))....####.
#..........
####.#.#######
#...z.......<#
#.##@#########
# #.# #.# #.#
#.# #.# #.#
#.# #..


You could see a wight.

Vanquished Creatures
  Grinder (D:6)
  Duvessa (D:6)
  2 ice beasts
  2 orc warriors
  A centaur (D:5)
  A phantom (D:5)
  2 scorpions
  Dowan (D:6)
  2 wights (D:7)
  A killer bee (D:5)
  Crazy Yiuf (D:2)
  A gnoll bouda (D:6)
  An orc priest (D:6)
  4 hounds (D:5)
  A jelly (D:5)
  A sleepcap (D:5)
  4 iguanas
  6 orc wizards
  7 gnolls
  10 adders
  2 white imps
  An ufetubus (D:5)
  A worm (D:2)
  A dart slug (D:4)
  13 orcs
  10 ball pythons
  3 endoplasms
  6 giant cockroaches
  9 goblins
  4 hobgoblins
  7 jackals
  2 quokkas (D:2)
  4 bats
  2 frilled lizards (D:1)
  9 kobolds
  6 rats
130 creatures vanquished.

Notes
Turn   | Place    | Note
-------+----------+-------------------------------------------
     0 | D:1      | Juicyj the Minotaur Gladiator began the quest for the Orb.
     0 | D:1      | Reached XP level 1. HP: 18/18 MP: 0/0
    99 | D:1      | Reached XP level 2. HP: 23/25 MP: 1/1
   497 | D:1      | Reached XP level 3. HP: 25/31 MP: 2/2
   990 | D:2      | Reached XP level 4. HP: 31/38 MP: 3/3
  1143 | D:2      | Found a runed translucent door.
  1143 | D:2      | Identified the +1 hammer "Cidarehora" {heavy, Fragile rElec
                  | rF+}
  1144 | D:2      | Noticed Crazy Yiuf
  1430 | D:2      | Killed Crazy Yiuf
  1431 | D:2      | Reached XP level 5. HP: 22/46 MP: 4/4
  2193 | D:4      | Reached skill level 5 in Axes
  2331 | D:4      | Reached XP level 6. HP: 30/52 MP: 5/5
  2796 | D:4      | Identified 2 scrolls of acquirement
  2796 | D:4      | Acquired the +3 broad axe "Gethra" {flame, rN+ Will+ Str+7
                  | Int-5}
  2798 | D:4      | Lost intelligence.
  2849 | D:5      | Entered Level 5 of the Dungeon
  3005 | D:5      | Noticed an orc warrior
  3010 | D:5      | Reached skill level 5 in Dodging
  3011 | D:5      | Killed an orc warrior
  3012 | D:5      | Reached XP level 7. HP: 38/60 MP: 6/6
  3017 | D:5      | Reached skill level 5 in Fighting
  3464 | D:5      | Reached skill level 5 in Throwing
  3575 | D:5      | Reached XP level 8. HP: 38/70 MP: 7/7
  4279 | D:6      | Noticed Dowan
  4284 | D:6      | Killed Dowan
  4285 | D:6      | Noticed Duvessa
  4288 | D:6      | Killed Duvessa
  4625 | D:6      | Noticed Grinder
  4629 | D:6      | Killed Grinder
  4887 | D:7      | HP: 2/70 [wight/+3 halberd (14)]
  4887 | D:7      | Slain by a wight

Illustrated notes

Levels and vault maps discovered:
D:1:      lightli_arrival_maybe_door_vault, layout_loops_cross
D:2:      minmay_diamond_boxcup, layout_basic, uniq_crazy_yiuf_cottage
D:3:      layout_rooms
D:4:      layout_loops_ring
D:5:      minmay_chambers_of_fours, layout_loops_ring
D:6:      layout_loops_cross, minivault_25, uniq_duvessa, uniq_grinder
D:7:      layout_basic, mainiacjoe_overflow_big_doors, temple_hall,
          minmay_quadrilaterals, uniq_maggie

Skill      XL: |  1  2  3  4  5  6  7  8 |
---------------+-------------------------+-----
Axes           | 4 5 6 7 |  7.9
Fighting       | 3 4 5 7 |  7.3
Dodging        | 4 5 6 7 |  7.1
Throwing       | 3 4 5 6 |  6.2

Action                     |  1- 3 |  4- 6 |  7- 9 || total
---------------------------+-------+-------+-------++-------
  Melee: War axe           |    70 |    80 |       ||   150
         Headbutt          |     7 |    20 |    12 ||    39
         Broad axe         |       |    16 |    61 ||    77
         Punch             |       |     1 |       ||     1
  Evoke: Wand              |       |       |     1 ||     1
    Use: Scroll            |       |     2 |       ||     2
   Stab: Sleeping          |     1 |     2 |       ||     3
 Armour: Leather armour    |    17 |    25 |    17 ||    59
  Dodge: Dodged            |    46 |    62 |    82 ||   190

Table legend: (Time is in decaauts)
 A = Elapsed time spent in this place.
 B = Non-inter-level travel time spent in this place.
 C = Inter-level travel time spent in this place.
 D = Time resting spent in this place.
 E = Time spent auto-exploring this place.
 F = Levels seen in this place.
 G = Mean time per level.
                   A        B        C        D        E       F      G
               +--------+--------+--------+--------+--------+-----+--------+
         Total |   5999 |   5808 |    191 |      0 |   5056 |   7 |  857.0 |
       Dungeon |   5999 |   5808 |    191 |      0 |   5056 |   7 |  857.0 |
               +--------+--------+--------+--------+--------+-----+--------+

Top non-repeatable levels by time:
     D:5: 1763 daAuts
     D:6: 1301 daAuts
     D:4: 993 daAuts
     D:2: 941 daAuts
     D:1: 628 daAuts
     D:3: 347 daAuts
     D:7: 22 daAuts
